AoeStats
← Golquiper

Golden Pit

509936961Analyzed
1v1 RM · 4d ago on Sep 28, 2026· 47m 22s· 2 players
Game mode
Random Map
Map size
Tiny (2 player)
Population
200
Speed
Normal
Resources
Standard
Victory
Conquest
Starting age
Dark Age
Ending age
Imperial Age
RankedLock teamsTeams togetherTeam positionsShared explorationLock speedFull tech treeHidden civsTurbo modeCheats
Victory
Defeat
🇲🇽 Byzantines · Mexico
916
+17
🇪🇸 Bohemians · Spain
931
-17
Canek
8:07 Loom
10:22 Feudal Age
16:42 Scale Mail Armor
20:59 Castle Age
21:03 Stone Mining
21:54 Squires
23:54 Horse Collar
26:21 Forging
26:25 Pikeman
28:46 Arson
30:46 Iron Casting
32:24 Double-Bit Axe
32:47 Heavy Plow
32:43 Gold Mining
33:21 Fletching
36:39 Bow Saw
37:29 Chain Mail Armor
44:36 Imperial Age
43:24 Scale Barding Armor
44:48 Wheelbarrow
46:09 Conscription
Golquiper
12:38 Feudal Age
14:12 Loom
13:54 Man-at-Arms
24:38 Castle Age
23:09 Horse Collar
23:18 Double-Bit Axe
27:54 Bow Saw
29:12 Wheelbarrow
30:33 Wagenburg Tactics
31:02 Town Watch
31:27 Heavy Plow
35:25 Fletching
35:38 Padded Archer Armor
35:44 Scale Barding Armor
35:50 Forging
37:33 Sanctity
37:19 Bodkin Arrow
42:06 Leather Archer Armor
Connection lost

Rejoining the realm…

Still unreachable

The connection could not be restored.

Session expired

The server has moved on; the page needs a fresh start.